 Dungeon Crawl Stone Soup version bcrawl-1.18.1 (webtiles) character file.

Game seed: 14094057450039405290

1034 Morbidden the Conjurer (level 8, -4/52 HPs)
             Began as an Octopode Conjurer on Nov 11, 2019.
             Killed from afar by an orc wizard (10 damage)
             ... with a puff of flame
             ... on level 5 of the Dungeon.
             The game lasted 00:09:51 (5111 turns).

Morbidden the Conjurer (Octopode Conjurer)          Turns: 5111, Time: 00:09:52

Health: -4/52      AC:  8    Str:  7    XL:     8   Next: 24%
Magic:  14/15      EV: 14    Int: 19    God:
Gold:   312        SH:  0    Dex: 13    Spells: 16/17 levels left

rFire    . . .     SeeInvis .   k - +2 scythe (protect)
rCold    . . .     Gourm    .   (shield currently unavailable)
rNeg     . . .     Faith    .   (helmet restricted)
rPois    .         Spirit   .   (cloak restricted)
rElec    .         Reflect  .   (no amulet)
rCorr    .         Harm     .   (no ring)
MR       .....                  (no ring)
Stlth    ++++......             (no ring)
HPRegen  0.17/turn              (no ring)
MPRegen  0.14/turn              (no ring)
                                (no ring)
                                (no ring)
                                (no ring)

@: protection aura
A: almost no armour, stealthy swim, amphibious, 8 rings, constrict 8, camouflage
1, gelatinous body 1
a: no special abilities


You were on level 5 of the Dungeon.
You were hungry.

You visited 1 branch of the dungeon, and saw 5 of its levels.

You collected 312 gold pieces.

Inventory:

Hand Weapons
 k - a +2 scythe of protection (weapon)
Missiles
 g - 410 arrows
Armour
 d - a +0 shield
Wands
 h - a wand of polymorph (6)
 s - a wand of random effects (7)
Scrolls
 f - 4 scrolls of identify
 i - 3 scrolls of remove curse
 l - a scroll of noise {unknown}
 m - 2 scrolls of fear {unknown}
 n - 2 scrolls of enchant weapon {unknown}
 p - a scroll of magic mapping {unknown}
 r - a scroll of blinking {unknown}
 t - a scroll of enchant armour {unknown}
Potions
 a - a potion of heal wounds
 b - a potion of magic
 e - a potion of ambrosia {unknown}
 j - a potion of mutation {unknown}
 o - a potion of curing
Comestibles
 c - 7 rations {!d}


   Skills:
 * Level 3.2 Fighting
 + Level 3.1 Polearms
 + Level 3.3 Dodging
 + Level 4.0 Stealth
 + Level 1.2 Unarmed Combat
 * Level 5.0 Spellcasting
 * Level 6.2 Conjurations


You had 16 spell levels left.
You knew the following spells:

 Your Spells              Type           Power        Failure   Level  Hunger
a - Magic Dart            Conj           ####         1%          1    None

Your spell library contained the following spells:

 Spells                   Type           Power        Failure   Level  Hunger
 Searing Ray              Conj           ####..       1%          2    #......
 Iskenderun's Mystic Bla  Conj           ####....     2%          3    ##.....
 Fulminant Prism          Conj/Hex       ###.......   34%         4    ####...
 Irradiate                Conj/Tmut      ###.......   67%         5    ######.


Dungeon Overview and Level Annotations

Branches:
Dungeon (5/12)
 Temple: D:4-7

Altars:
Cheibriados
Dithmenos
Fedhas
Gozag


Innate Abilities, Weirdness & Mutations

You cannot wear most types of armour.
You are very stealthy in the water. (Stealth+)
You are amphibious.
You can wear up to eight rings at the same time.
You can use your tentacles to constrict eight enemies at once.
Your skin changes colour to match your surroundings (Stealth+).
Your rubbery body absorbs attacks. (AC +1, EV +1)


Message History

The orc warrior hits you with a +0 dire flail.
You hit the orc warrior.
You tentacle-slap the orc warrior, but do no damage.
You squeeze the orc warrior, but do no damage.
The orc warrior is severely wounded.
You constrict the orc warrior. Something hits you. Something burns you.
The orc warrior hits you but does no damage.
Something barely misses you.
You hit the orc warrior.
The orc warrior is severely wounded.
You constrict the orc warrior. The orc warrior misses you.
You hear some strange, mumbled words.
A puff of flame appears from out of thin air!
The puff of flame hits you!
The orc warrior hits you with a +0 dire flail!
* * * LOW HITPOINT WARNING * * *
You hear some strange, mumbled words.
A puff of flame appears from out of thin air!
The puff of flame hits you!
You die...

..
..................#..##.
................o<# #
..............oo..#
..................#
..........#.##..#
.....$.o#####.## #
#.#..[..## #.. ..
####(##..## .!.#
...###...@o..#...
................#
......##........#
.................
.....).<........#
###......#....###
#......##..## .........#
#.# ....#..... ..#


You could see an orc warrior and an orc wizard.

Vanquished Creatures
  Sigmund (D:3)
  A sky beast (D:4)
  3 ogres
  A phantom (D:4)
  2 crimson imps
  A hound (D:4)
  3 orc wizards (D:4)
  An orc priest (D:4)
  Jessica (D:2)
  Ijyb (D:3)
  2 worker ants (D:4)
  A hound skeleton (D:4)
  2 adders (D:3)
  An ooze (D:3)
  An adder skeleton (D:3)
  2 worms
  A dart slug (D:2)
  4 leopard geckos
  4 orcs
  3 giant cockroaches
  9 goblins
  6 hobgoblins
  9 jackals
  3 quokkas
  2 ball pythons
  2 bats
  4 frilled lizards
  16 kobolds
  10 rats
97 creatures vanquished.

Notes
Turn   | Place    | Note
-------+----------+-------------------------------------------
     0 | D:1      | Morbidden the Octopode Conjurer began the quest for the
                  | Orb.
     0 | D:1      | Reached XP level 1. HP: 11/11 MP: 3/3
   132 | D:1      | Reached XP level 2. HP: 13/18 MP: 1/5
   620 | D:1      | Reached XP level 3. HP: 22/22 MP: 2/6
   712 | D:1      | Reached skill level 1 in Fighting
  1453 | D:2      | Noticed an ogre
  2007 | D:2      | Noticed Jessica
  2011 | D:2      | Killed Jessica
  2011 | D:2      | Reached XP level 4. HP: 24/28 MP: 2/7
  2223 | D:2      | Killed an ogre
  2223 | D:2      | Reached skill level 5 in Conjurations
  2223 | D:2      | Reached XP level 5. HP: 34/34 MP: 9/9
  2720 | D:3      | Found a blossoming altar of Fedhas.
  2737 | D:3      | Noticed Sigmund
  2764 | D:3      | Killed Sigmund
  2764 | D:3      | Reached XP level 6. HP: 39/39 MP: 6/11
  2842 | D:3      | Noticed Ijyb
  2854 | D:3      | Killed Ijyb
  3433 | D:3      | Found a snail-covered altar of Cheibriados.
  3658 | D:3      | Reached skill level 1 in Unarmed Combat
  3819 | D:4      | Reached XP level 7. HP: 34/45 MP: 13/13
  3954 | D:4      | Reached skill level 1 in Polearms
  4167 | D:4      | Found a shadowy altar of Dithmenos.
  4176 | D:4      | Reached skill level 6 in Conjurations
  4199 | D:4      | Found an opulent altar of Gozag.
  4559 | D:4      | Reached XP level 8. HP: 52/52 MP: 10/15
  4769 | D:5      | Entered Level 5 of the Dungeon
  4804 | D:5      | Noticed a slime creature
  4810 | D:5      | Noticed a slime creature
  4811 | D:5      | Noticed a slime creature
  4882 | D:5      | Reached skill level 5 in Spellcasting
  5111 | D:5      | Killed from afar by an orc wizard

Skill      XL: |  1  2  3  4  5  6  7  8 |
---------------+-------------------------+-----
Fighting       | 1 2 3 |  3.2
Spellcasting   | 3 4 5 |  5.0
Conjurations   | 5 6 |  6.2
Unarmed Combat | 1 |  1.2
Polearms       | 2 3 |  3.1
Dodging        | 3 |  3.3
Stealth        | 4 |  4.0

Action                   |  1- 3 |  4- 6 |  7- 9 || total
-------------------------+-------+-------+-------++-------
Melee: Unarmed           |    25 |    22 |       ||    47
       Constrict         |     7 |     7 |     8 ||    22
       Tentacles         |     5 |     7 |     6 ||    18
       Scythe            |       |    21 |    45 ||    66
       Punch             |       |       |     2 ||     2
 Cast: Magic Dart        |    85 |    66 |    67 ||   218
  Use: Potion            |       |     5 |     1 ||     6
       Scroll            |       |     2 |     2 ||     4
 Stab: Sleeping          |       |     3 |       ||     3
  Eat: Chunk             |     4 |     6 |     3 ||    13
Armor: Skin              |     3 |     7 |    18 ||    28
Dodge: Dodged            |    11 |    45 |    43 ||    99
